 Dungeon Crawl Stone Soup version 0.28-a0-556-gab23d0e057 (webtiles) character file.

Game seed: 9921980609482140575

78 miscthings the Chopper (level 4, -10/42 HPs)
             Began as a Naga Fighter on Sept 28, 2021.
             Mangled by Terence (11 damage)
             ... on level 2 of the Dungeon.
             The game lasted 00:01:43 (1815 turns).

miscthings the Chopper (Naga Fighter)               Turns: 1815, Time: 00:01:43

Health: -10/42     AC:  9    Str: 20    XL:     4   Next: 36%
Magic:  4/4        EV:  5    Int:  8    God:
Gold:   43         SH:  4    Dex: 10    Spells: 3/3 levels left

rFire   . . .      SeeInvis +   a - +0 war axe
rCold   . . .      Faith    .   c - +0 buckler
rNeg    . . .      Spirit   .   b - +0 scale mail
rPois   +          Reflect  .   (no helmet)
rElec   .          Harm     .   (no cloak)
rCorr   .          Rampage  .   (no gloves)
Will    +....                   k - +0 barding
Stlth   ..........              (no amulet)
HPRegen 0.14/turn               p - ring of willpower
MPRegen 0.09/turn               (no ring)

@: short of breath, very slow
A: AC +1, large, see invisible, deformed body, poison resistance, slowness 2,
spit poison 1, naga tail 1
a: Spit Poison


You were on level 2 of the Dungeon.
You visited 1 branch of the dungeon, and saw 3 of its levels.

You collected 43 gold pieces.

Inventory:

Hand Weapons
 a - a +0 war axe (weapon)
Missiles
 i - a throwing net
Armour
 b - a +0 scale mail (worn)
 c - a +0 buckler (worn)
 k - a +0 barding (worn)
Jewellery
 p - a ring of willpower (left hand)
Scrolls
 f - a scroll of noise {unknown}
 g - a scroll of enchant armour {unknown}
 h - a scroll of fear {unknown}
 j - a scroll of summoning {unknown}
 l - 3 scrolls of identify {unknown}
 m - a scroll of fog {unknown}
Potions
 d - 2 potions of might
 e - 2 potions of lignification {unknown}
 n - 2 potions of attraction {unknown}
 o - a potion of resistance {unknown}


   Skills:
 - Level 3.0 Fighting
 + Level 4.5 Axes
 - Level 2.4 Armour
 - Level 2.4 Shields


You had 3 spell levels left.
You didn't know any spells.
Your spell library contained the following spells:

 Spells                   Type           Power      Damage    Failure   Level
 Dazzling Flash           Conj/Hex       0%         N/A       98%         3
 Frozen Ramparts          Ice            0%         1d2       98%         3
 Fulminant Prism          Conj/Hex       0%         3d6       100%        4
 Ozocubu's Refrigeration  Ice            0%         4d5       100%        7


Dungeon Overview and Level Annotations

Branches:
Dungeon (3/15)

Altars:

Annotations:
D:2 Terence


Innate Abilities, Weirdness & Mutations

Your serpentine skin is tough. (AC +1)
You have supernaturally acute eyesight. (SInv)
Armour fits poorly on your strangely shaped body.
Your system is resistant to poisons. (rPois)
You cover ground very slowly.
You can spit poison.
You have a snake-like lower body.


Message History

Found a barding.
Terence shouts!
Terence is nearby!
Terence is nearby!
Terence drinks a potion.
Terence goes berserk!
Terence hits you with a +0 short sword. Terence barely misses you.
There is a stone staircase leading up here.
Terence hits you with a +0 short sword. Terence hits you but does no damage.
You climb upwards.
There is a stone staircase leading down here.
You block Terence's attack.
You see here a +0 whip.
Terence hits you but does no damage.
There is a stone staircase leading up here.
You slash Terence!
Terence is moderately wounded.
Terence hits you with a +0 short sword. Terence hits you but does no damage.
You slash Terence!
Terence is heavily wounded.
You block Terence's attack. x2
You hit Terence.
Terence is severely wounded.
Terence barely misses you. Terence hits you with a +0 short sword!
You barely miss Terence.
Terence is severely wounded.
Terence hits you with a +0 short sword. x2
You hit Terence but do no damage.
Terence is severely wounded.
Terence hits you with a +0 short sword.
* * * LOW HITPOINT WARNING * * *
Terence hits you with a +0 short sword!
* * * LOW HITPOINT WARNING * * *
Abil: Spit Poison
Press: ? - help, Q - select action, (/) - cycle Shift-Dir - straight line, f - Terence
Aim: Terence, wielding a +0 short sword and wearing a +0 scale mail (severely wounded, berserk)
The splash of poison hits Terence.
Terence is poisoned.
Terence is severely wounded.
Terence hits you with a +0 short sword!
You die...

...# #..# #.### ##.# #..#
#.... ##.# #..# #####
#..#########..######
...............>...##
#.#######.##...##...### #.#
#.##..##......# #.#
#.....>@)...#.# #.#
######..##@.....# #.#
#......#.#.....## #.#
#.##.........#.# #.#
#.##.#####.#.#.# ..# #.##.#
#.#.#.# ###
#.##.#####.#.#.############
#
#..........#...............
#
####.##..................##
# #.##..#.##......).......


You could see Terence (berserk, poisoned).

Vanquished Creatures
  4 gnolls
  An adder (D:2)
  A dart slug (D:1)
  An endoplasm (D:2)
  4 goblins
  2 hobgoblins (D:2)
  3 jackals (D:2)
  2 kobolds (D:2)
  2 quokkas
  4 ball pythons
  A bat (D:2)
  2 frilled lizards (D:2)
  3 rats
30 creatures vanquished.

Notes
Turn   | Place    | Note
-------+----------+-------------------------------------------
     0 | D:1      | miscthings the Naga Fighter began the quest for the Orb.
     0 | D:1      | Reached XP level 1. HP: 21/21 MP: 1/1
   619 | D:1      | Found a faded altar of an unknown god.
   634 | D:1      | Reached XP level 2. HP: 26/28 MP: 2/2
   910 | D:2      | Reached skill level 3 in Axes
  1053 | D:2      | Reached XP level 3. HP: 34/34 MP: 3/3
  1145 | D:2      | Got Fusmocez's Almanac of the Ensnaring Snowflakes
  1531 | D:2      | Reached skill level 4 in Axes
  1531 | D:2      | Reached XP level 4. HP: 30/42 MP: 4/4
  1800 | D:3      | Noticed Terence
  1814 | D:2      | HP: 1/42 [Terence (11)]
  1815 | D:2      | Mangled by Terence

Illustrated notes

Levels and vault maps discovered:
D:1:      scummos_arrival_gate, layout_basic,
          shapermc_ecumenical_altar_totnotflames
D:2:      layout_loops_ring
D:3:      layout_loops_cross, lemuel_doored_altar, ashenzari_altar_1,
          minmay_misc_feat_iff, st_stairs_6, minmay_misc_feat_chi, uniq_terence

Skill      XL: |  1  2  3 |
---------------+----------+-----
Axes           | 3 4 |  4.5
Fighting       | |  3.0
Armour         | |  2.4
Shields        | |  2.4

Action                   |  1- 3 |  4- 6 || total
-------------------------+-------+-------++-------
Melee: War axe           |    87 |    14 ||   101
 Abil: Spit Poison       |       |     1 ||     1
Armor: Scale mail        |    67 |     4 ||    71
Dodge: Dodged            |    33 |     5 ||    38
Block: Buckler           |    17 |     4 ||    21

Table legend: (Time is in decaauts)
 A = Elapsed time spent in this place.
 B = Non-inter-level travel time spent in this place.
 C = Inter-level travel time spent in this place.
 D = Time resting spent in this place.
 E = Time spent auto-exploring this place.
 F = Levels seen in this place.
 G = Mean time per level.
                   A        B        C        D        E       F      G
               +--------+--------+--------+--------+--------+-----+--------+
         Total |   2344 |   2239 |    105 |    427 |   1465 |   3 |  781.3 |
       Dungeon |   2344 |   2239 |    105 |    427 |   1465 |   3 |  781.3 |
               +--------+--------+--------+--------+--------+-----+--------+

Top non-repeatable levels by time:
     D:1: 1343 daAuts
     D:2: 972 daAuts
     D:3: 28 daAuts
